 Dungeon Crawl Stone Soup version 0.31-a0-435-g2c6fae2916 (webtiles) character file.

Game seed: 532188118380956688

470 floatRand the Cudgeller (level 7, -1/70 HPs)
             Began as an Ogre Cinder Acolyte on Aug 1, 2023.
             Was a High Priest of Ignis.
             Splashed by a jelly's acid (9 damage)
             ... on level 4 of the Dungeon.
             The game lasted 00:04:06 (4559 turns).

floatRand the Cudgeller (Ogre Cinder Acolyte)       Turns: 4559, Time: 00:04:07

Health: -1/70      AC: -2    Str: 19    XL:     7   Next: 9%
Magic:  0/8        EV:  9    Int: 17    God:    Ignis [*****.]
Gold:   85         SH:  0    Dex:  4    Spells: 6/8 levels left

rFire   + . .        r - +1 mace (protect)
rCold   . . .        (no shield)
rNeg    . . .        b - +0 robe
rPois   .            (helmet restricted)
rElec   .            (no cloak)
rCorr   .            (gloves unavailable)
SInv    .            (boots unavailable)
Will    .....        (no amulet)
Stlth   +            (no ring)
HPRegen 0.31/turn    (no ring)
MPRegen 0.11/turn

%: no passive effects
@: corroded, under a protective aura, very slightly contaminated
A: large, unfitting armour, tough skin 1
a: Renounce Religion, Fiery Armour, Foxfire Swarm, Rising Flame


You were on level 4 of the Dungeon.
You worshipped Ignis.
Ignis was extremely pleased with you.
You visited 1 branch of the dungeon, and saw 4 of its levels.

You collected 170 gold pieces.
You spent 85 gold pieces at shops.

Inventory:

Hand Weapons
 a - a -1 mace of flaming
 r - a +1 mace of protection (weapon)
Armour
 b - a +0 robe (worn)
Wands
 k - a wand of digging (4)
Scrolls
 c - a scroll of brand weapon {unknown}
 d - 2 scrolls of amnesia {unknown}
 g - 2 scrolls of teleportation {unknown}
 i - a scroll of enchant armour {unknown}
 j - a scroll of torment {unknown}
 l - a scroll of revelation {unknown}
 n - 2 scrolls of identify {unknown}
 o - a scroll of silence {unknown}
 q - a scroll of summoning {unknown}
Potions
 e - 2 potions of heal wounds {unknown}
 f - a potion of degeneration {unknown}
 h - 2 potions of berserk rage {unknown}
 m - a potion of curing {unknown}
 p - 3 potions of invisibility {unknown}
 s - a potion of lignification {unknown}
 t - a potion of attraction {unknown}


   Skills:
 - Level 4.0 Fighting
 * Level 6.4 Maces & Flails
 - Level 1.2 Spellcasting
 - Level 4.0 Fire Magic


You had 6 spell levels left.
You knew the following spells:

 Your Spells              Type           Power      Damage    Failure   Level
a - Scorch                Fire           28%        2d6       6%          2

Your spell library contained the following spells:

 Spells                   Type           Power      Damage    Failure   Level
 Cigotuvi's Dreadful Rot  Necr/Pois/Air  2%         N/A       32%         2
 Ignite Poison            Fire/Tmut/Pois 5%         N/A       36%         3
 Animate Armour           Summ/Erth      2%         N/A       91%         4
 Summon Lightning Spire   Summ/Air       1%         N/A       91%         4
 Freezing Cloud           Conj/Ice/Air   0%         6-21      99%         5
 Lee's Rapid Deconstruct  Erth           0%         3d4*      99%         5


Dungeon Overview and Level Annotations

Branches:
Dungeon (4/15)
 Temple: D:4-7

Altars:
Dithmenos
Makhleb
Ru
Uskayaw

Shops:
D:3 :   D:4 *

Annotations:
D:3 3 runed translucent doors, Snakez's ghost, amateur NaNe
D:4 2 runed translucent doors, Snakez's ghost, amateur AtFi


Innate Abilities, Weirdness & Mutations

You are too large for most types of armour.
You have tough skin. (AC +1)


Message History

You hit the jelly but do no damage.
Your weapon exudes an aura of protection.
Your hands burn!
The jelly barely misses you.
You hit the jelly.
Your hands burn!
The jelly is lightly wounded.
The goblin barely misses you. The jelly closely misses you.
Unknown command.
Flames lash the jelly.
The jelly is heavily wounded.
The jelly's fire resistance burns away.
The goblin barely misses you. The jelly hits you.
You are splashed with acid!
You miscast Scorch.
You are very lightly contaminated with residual magic.
Nothing appears to happen.
The goblin hits you with a +0 dagger. The jelly barely misses you.
Flames lash the jelly.
The jelly is burned terribly!
The jelly is severely wounded.
The goblin barely misses you. The jelly hits you but does no damage.
Flames lash the jelly.
The jelly is burned terribly!
The jelly is almost dead.
The goblin misses you. The jelly hits you.
You are splashed with acid!
You are too injured to fight recklessly!
You barely miss the jelly.
The jelly is almost dead.
The jelly hits you. The acid corrodes you!
You are splashed with acid!
* * * LOW HITPOINT WARNING * * *
The goblin barely misses you.
Unknown command.
Unknown command.
Okay, then.
Okay, then.
You hit the jelly but do no damage.
Your weapon exudes an aura of protection.
The acid corrodes you!
Your hands burn!
* * * LOW HITPOINT WARNING * * *
The jelly is almost dead.
The goblin closely misses you. The jelly hits you.
* * * LOW HITPOINT WARNING * * *
You are splashed with acid!
You die...

#....#...#.......#.....
#..............[.#.....
#.....#.#.#.##'###.....
#...........##...#.....
###...#.#.#......'.....
##.............#.....
##.#.#.#..#...#.....
#.......####+#.....
#.@..+.... #.....
#gJ..#.... #.....
#....#+## #..... #...!#
#..... #....# #.....
#....# #..... #....#
#..... #....# #.....
#.....


You could see a jelly (combustible) and a goblin.

Vanquished Creatures
  An ice beast (D:4)
  A scorpion (D:4)
  A howler monkey (D:4)
  A hound (D:4)
  An iguana (D:4)
  2 orc wizards
  6 adders
  3 gnolls (D:2)
  4 worms
  2 dart slugs
  2 orcs
  6 endoplasms
  11 giant cockroaches
  5 hobgoblins
  4 quokkas
  12 ball pythons
  3 bats
  6 frilled lizards
  5 goblins
  3 kobolds
  9 rats
88 creatures vanquished.

Notes
Turn   | Place    | Note
-------+----------+-------------------------------------------
     0 | D:1      | floatRand the Ogre Cinder Acolyte began the quest for the
                  | Orb.
     0 | D:1      | Reached XP level 1. HP: 24/24 MP: 2/2
   116 | D:1      | Reached skill level 3 in Maces & Flails
   116 | D:1      | Reached XP level 2. HP: 27/32 MP: 3/3
   507 | D:1      | Reached XP level 3. HP: 34/39 MP: 4/4
   510 | D:1      | Learned a level 2 spell: Scorch
  1174 | D:2      | Reached XP level 4. HP: 29/48 MP: 3/5
  1254 | D:2      | Reached skill level 4 in Maces & Flails
  2030 | D:2      | Reached XP level 5. HP: 50/54 MP: 6/6
  2172 | D:2      | Found a faded altar of an unknown god.
  2172 | D:2      | Noticed a green death
  2840 | D:3      | Found a runed translucent gate.
  2840 | D:3      | Identified the +0 whip "Wieffocs" {vamp, rN+++ Will- rCorr
                  | Stlth+}
  2840 | D:3      | Identified the +0 ring mail of the Comet {Will+ Str+3
                  | Slay-4}
  2840 | D:3      | Noticed Snakez's ghost (amateur NaNe)
  2842 | D:3      | Found a runed translucent gate.
  2861 | D:3      | Found a runed translucent gate.
  3329 | D:3      | Found Feminyot's Book Shoppe.
  3528 | D:3      | Found a hide-covered altar of Uskayaw.
  3544 | D:3      | Reached skill level 5 in Maces & Flails
  3559 | D:3      | Found a burning altar of Makhleb.
  3560 | D:3      | Found a shadowy altar of Dithmenos.
  3739 | D:4      | Reached XP level 6. HP: 62/62 MP: 2/7
  4093 | D:4      | Found a runed translucent door.
  4130 | D:4      | Found a runed translucent door.
  4131 | D:4      | Noticed Snakez's ghost (amateur AtFi)
  4160 | D:4      | Found a sacrificial altar of Ru.
  4195 | D:4      | Noticed an ice beast
  4213 | D:4      | Killed an ice beast
  4214 | D:4      | Reached skill level 6 in Maces & Flails
  4214 | D:4      | Reached XP level 7. HP: 70/70 MP: 2/8
  4271 | D:4      | Found Cokuuth's Assorted Antiques.
  4279 | D:4      | Bought a scroll labelled GUEPTIBBE TIUH for 31 gold pieces
  4279 | D:4      | Bought a sapphire potion for 27 gold pieces
  4279 | D:4      | Bought a lumpy purple potion for 27 gold pieces
  4559 | D:4      | Splashed by a jelly's acid

Illustrated notes

Levels and vault maps discovered:
D:1:      shiori_arrival_oz, layout_basic, st_stairs_11
D:2:      minmay_door_path, layout_loops_ring,
          dreamdust_ecumenical_altar_sealed_demon, minmay_misc_feat_room,
          minmay_misc_feat_cross, minmay_door_square, minmay_hexomino_p4
D:3:      layout_loops_ring, minitemple, serial_shops, shop,
          biasface_ghost_orc_armoury, grunt_ministairs_7, corexii_hall_statues_u
D:4:      layout_gridville, nicolae_ru_awakened_eye, ebering_ghost_sewer_f,
          serial_shops, shop, serial_glass, glass_columns_b, glass_columns_b,
          glass_columns_a, glass_columns_a, glass_columns_b, glass_columns_b,
          feat_on_display, minmay_strange_pillars, dk_rats_in_the_wall

Skill      XL: |  1  2  3  4  5  6 |
---------------+-------------------+-----
Maces & Flails | 3 4 5 6 |  6.4
Fire Magic     | 3 4 |  4.0
Fighting       | |  4.0
Spellcasting   | |  1.2

Action                     |  1- 3 |  4- 6 |  7- 9 || total
---------------------------+-------+-------+-------++-------
  Melee: Mace              |    97 |   104 |    16 ||   217
         Punch             |     1 |       |       ||     1
   Cast: Scorch            |     8 |    42 |     4 ||    54
 Armour: Robe              |    41 |    51 |     9 ||   101
  Dodge: Dodged            |    64 |    70 |    12 ||   146

Table legend: (Time is in decaauts)
 A = Elapsed time spent in this place.
 B = Non-inter-level travel time spent in this place.
 C = Inter-level travel time spent in this place.
 D = Time resting spent in this place.
 E = Time spent auto-exploring this place.
 F = Levels seen in this place.
 G = Mean time per level.
                   A        B        C        D        E       F      G
               +--------+--------+--------+--------+--------+-----+--------+
         Total |   4603 |   4470 |    133 |    465 |   3178 |   4 | 1150.8 |
       Dungeon |   4603 |   4470 |    133 |    465 |   3178 |   4 | 1150.8 |
               +--------+--------+--------+--------+--------+-----+--------+

Top non-repeatable levels by time:
     D:2: 1801 daAuts
     D:3: 1069 daAuts
     D:1: 887 daAuts
     D:4: 845 daAuts
